 Dungeon Crawl Stone Soup version 0.24.0-123-gd5b16e6ec5 (webtiles) character file.

Game seed: 5807621551487919345, levelgen mode: deterministic

443 Martska the Skirmisher (level 7, -3/74 HPs)
             Began as an Ogre Hunter on Feb 7, 2020.
             Slain by Edmund
             ... wielding a +1 flail of protection
              (10 damage)
             ... on level 4 of the Dungeon.
             The game lasted 00:13:45 (6285 turns).

Martska the Skirmisher (Ogre Hunter)                Turns: 6285, Time: 00:13:45

Health: -3/74      AC:  3    Str: 17    XL:     7   Next: 2%
Magic:  7/7        EV: 10    Int: 12    God:
Gold:   193        SH:  0    Dex: 11    Spells: 6/6 levels left

rFire    . . .     SeeInvis .   e - +0 club
rCold    . . .     Gourm    .   (no shield)
rNeg     . . .     Faith    .   f - +0 robe (curse)
rPois    .         Spirit   .   (helmet restricted)
rElec    .         Reflect  .   (no cloak)
rCorr    .         Harm     +   (gloves unavailable)
MR       .....                  (boots unavailable)
Stlth    ++........             n - amulet of harm
HPRegen  0.22/turn              (no ring)
MPRegen  0.10/turn              (no ring)

@: no status effects
A: large, unfitting armour, tough skin 1
a: no special abilities


You were on level 4 of the Dungeon.
You were not hungry.

You visited 1 branch of the dungeon, and saw 4 of its levels.

You collected 193 gold pieces.

Inventory:

Hand Weapons
 a - a +0 short sword
 e - a +0 club (weapon)
 u - a -3 whip
Missiles
 i - 8 poisoned darts (quivered)
Armour
 b - a +0 robe
 f - a cursed +0 robe (worn)
 o - a +0 helmet
Jewellery
 n - an amulet of harm (around neck)
Wands
 s - a wand of disintegration (10)
 w - a wand of clouds (5)
Scrolls
 c - a scroll of amnesia {unknown}
 g - 4 scrolls of remove curse
 h - a scroll of immolation
 k - 2 scrolls of identify {unknown}
 l - a scroll of fog {unknown}
 m - a scroll of random uselessness {unknown}
 r - a scroll of enchant armour {unknown}
Potions
 d - a potion of might {unknown}
 p - a potion of brilliance {unknown}
 q - a potion of lignification {unknown}
 t - a potion of ambrosia {unknown}
Comestibles
 v - 2 rations


   Skills:
 * Level 5.7 Fighting
 * Level 3.3 Maces & Flails
 + Level 4.8 Throwing
 + Level 3.0 Dodging
 - Level 1.3 Stealth


You had 6 spell levels left.
You didn't know any spells.
Your spell library was empty.

Dungeon Overview and Level Annotations

Branches:
Dungeon (4/15)
 Temple: D:4-7

Altars:
Cheibriados

Annotations:
D:3 1 runed translucent door, Xerdoz's ghost, amateur OpTm
D:4 Edmund; Grinder; Natasha; Sigmund


Innate Abilities, Weirdness & Mutations

You are too large for most types of armour.
You have tough skin. (AC +1)


Message History

Natasha closely misses you. Edmund hits you but does no damage.
You hit Edmund but do no damage.
Edmund is almost dead.
Natasha closely misses you.
Edmund hits you with a +1 flail of protection!
You hit Edmund.
Edmund is almost dead.
Natasha claws you but does no damage.
Edmund hits you with a +1 flail of protection!
* * * LOW HITPOINT WARNING * * *
You barely miss Edmund.
Edmund is almost dead.
Natasha claws you.
* * * LOW HITPOINT WARNING * * *
You closely miss Edmund.
Edmund is almost dead.
Natasha claws you!
* * * LOW HITPOINT WARNING * * *
Edmund hits you with a +1 flail of protection!
You die...

##.#####.....#
###.......)....#
#....#####.###.#
#....+....<....#
#....###########
#...........
#.......###
#.......##########
#........>†.@@...#
#.......(.###h#..#
#.........# ##..#
#.........# #..#
#.........# #..#
#.......... #..#
#........... ....
#........#### ..(.
#.##.. #s.......


You could see Edmund and Natasha.

Vanquished Creatures
  A black bear (D:3)
  Blork the orc (D:4)
  A scorpion (D:4)
  An orc wizard (D:3)
  An iguana (D:3)
  A worker ant (D:3)
  6 adders
  An adder zombie (D:2)
  2 worms
  3 dart slugs
  A leopard gecko (D:2)
  10 orcs
  8 giant cockroaches
  5 hobgoblins
  2 jackals (D:2)
  2 quokkas
  4 bats
  8 frilled lizards
  8 goblins
  7 kobolds
  15 rats
88 creatures vanquished.

Notes
Turn   | Place    | Note
-------+----------+-------------------------------------------
     0 | D:1      | Martska the Ogre Hunter began the quest for the Orb.
     0 | D:1      | Reached XP level 1. HP: 22/22 MP: 1/1
   285 | D:1      | Reached XP level 2. HP: 20/29 MP: 2/2
   488 | D:1      | Reached skill level 3 in Fighting
   930 | D:1      | Reached skill level 1 in Maces & Flails
  1000 | D:1      | Reached skill level 1 in Stealth
  1189 | D:2      | Reached XP level 3. HP: 18/37 MP: 3/3
  1901 | D:2      | Reached XP level 4. HP: 14/45 MP: 4/4
  3058 | D:3      | Found a runed translucent door.
  3058 | D:3      | Noticed Xerdoz's ghost (amateur OpTm)
  3066 | D:3      | Found a snail-covered altar of Cheibriados.
  3255 | D:3      | Reached skill level 4 in Fighting
  3678 | D:3      | Reached XP level 5. HP: 38/54 MP: 5/5
  4049 | D:3      | Noticed a black bear
  5395 | D:4      | Noticed Sigmund
  5782 | D:4      | Noticed Grinder
  5807 | D:3      | Killed a black bear
  5807 | D:3      | Reached skill level 5 in Fighting
  5807 | D:3      | Reached XP level 6. HP: 42/66 MP: 6/6
  6215 | D:4      | Noticed Blork the orc
  6220 | D:4      | Killed Blork the orc
  6259 | D:4      | Reached XP level 7. HP: 74/74 MP: 7/7
  6269 | D:4      | Noticed Edmund
  6270 | D:4      | Noticed Natasha
  6285 | D:4      | Slain by Edmund

Levels and vault maps discovered:
D:1:      minmay_arrival_semitransparent, layout_loops_corners,
          minmay_misc_feat_iff
D:2:      layout_basic
D:3:      layout_loops_ring, cheibriados_altar_1, first_ration,
          hellmonk_ghost_happy_afterlife, minmay_divided_ellipse
D:4:      minmay_opposing_rooms, layout_basic, nicolae_gozag_zags_fifth_avenue,
          fedhas_altar_1, serial_shops, shop_statue, serial_park_tiny_1,
          uniq_sigmund, uniq_grinder, uniq_natasha, uniq_edmund,
          uniq_blork_the_orc, uniq_robin

Skill      XL: |  1  2  3  4  5  6 |
---------------+-------------------+-----
Fighting       | 3 4 5 |  5.7
Dodging        | 2 3 |  3.0
Maces & Flails | 1 2 3 |  3.3
Stealth        | 1 |  1.3
Throwing       | |  4.8

Action                   |  1- 3 |  4- 6 |  7- 9 || total
-------------------------+-------+-------+-------++-------
Melee: Club              |   127 |   221 |     9 ||   357
       Whip              |       |    18 |       ||    18
Throw: Large rock        |    20 |    18 |     2 ||    40
       Throwing net      |       |     2 |       ||     2
       Dart              |       |    12 |       ||    12
  Use: Scroll            |       |     5 |       ||     5
       Potion            |       |     4 |       ||     4
 Stab: Sleeping          |       |     2 |       ||     2
  Eat: Ration            |     1 |     3 |       ||     4
       Chunk             |       |     6 |       ||     6
Armor: Robe              |    44 |    62 |     2 ||   108
Dodge: Dodged            |    68 |   151 |     5 ||   224
